Unix NetHack Version 5.0.0-0 post-release - last build Jun 10 2026 00:39:30 (3ee93aec679c4c4259841fe613dc97188e26a321,branch:main).

Game began 2026-06-23 21:17:19, ended 2026-06-23 21:30:17.

ARFwashere, chaotic male elven Wizard

       -----------                      -----
       |.........-#         -----       |....#
       |.........|#        #....|    ###....|#
       |.........|#        #|<..|   ##  |...|#
       |.........|#     ####--.--   #   -----#
       ----.------#     #     ####  #     #  ##0
           #      #     #     #  ## )      ###
         ###    ###     #     #   ##)      ##
 --------|--    #       #     ###  ##       #
 |.........|    #     ###     --@---#       #
 |!!!!!.]!.|    #-----#       |.B..|####    #
 |!!!!!!!..|    #|...|#       |....|#  #####)#
 |!!!!!!...|    #|...|#       |....|#     #--|---
 |!!!!!!!..|    #-...|#       |.....#     #|....|
 -----------     |...-#       |....|      )|(...-
                 -----        |...i|      #|....|
                              ------      #-.>..+
                                           ------

ARFwashere the Conjurer   St:12 Dx:7 Co:16 In:20 Wi:9 Ch:9  Chaotic
Dlvl:4  $:1914 HP:0(26) Pw:21(26) AC:7  Xp:3 T:1899  Satiated Burdened

Latest messages:
 The kitten bites the gnome.
 The gnome swings her bow at the kitten.
 The gnome misses the kitten.
 You miss the gnome.
 The kitten bites the gnome.
 The gnome swings her bow at the kitten.
 The gnome misses the kitten.
 The kitten misses the gnome.
 The gnome swings her bow.
 The gnome hits!
 The kitten misses the gnome.
 The kitten bites the gnome.
 The gnome swings her bow at the kitten.
 The gnome misses the kitten.
 You kill the gnome!
 Your kitten eats a gnome corpse.
 You swap places with your kitten.
 You have a little trouble lifting z - a dart (at the ready) (78 in total).
 You swap places with your kitten.
 Ouch!  You bump into a door.
 In what direction? h
 This door is locked.
 In what direction? h
 This door is locked.
 In what direction? h
 This door is locked.
 In what direction? h
 Thwack!!
 In what direction? h
 As you kick the door, it crashes open!
 You hear some noises in the distance.
 You see here a statue of a homunculus.
 You miss the giant bat.
 The giant bat bites!
 The giant bat bites!
 In what direction? j
 The spell hits the giant bat!
 The giant bat misses!
 The giant bat bites!
 You miss the giant bat.
 The giant bat bites!
 The giant bat bites!
 The giant bat bites!
 The giant bat bites!
 You die...
 Do you want your possessions identified? [ynq] (y) y
 Do you want to see your attributes? [ynq] (y) n
 Do you want an account of creatures vanquished? [ynaq] (y) n
 Do you want to see your conduct and achievements? [ynq] (y) y
 Do you want to see the dungeon overview? [ynq] (y) y

Inventory:
 Coins    ('$')
  $ - 1914 gold pieces
 Weapons  (')')
  z - 78 +0 darts (at the ready)
  a - a blessed +1 quarterstaff (weapon in hands)
 Armor    ('[')
  b - an uncursed +0 cloak of magic resistance (being worn)
  s - an uncursed +0 leather armor (being worn)
 Comestibles  ('%')
  F - a cursed banana
  D - 2 uncursed food rations
  A - 2 cursed food rations
  C - an uncursed orange
 Scrolls  ('?')
  i - an uncursed scroll of enchant weapon
  H - an uncursed scroll of fire
  x - an uncursed scroll of identify
  r - a cursed scroll of identify
  k - 2 uncursed scrolls of magic mapping
  j - a blessed scroll of teleportation
 Spellbooks  ('+')
  w - an uncursed spellbook of restore ability
 Potions  ('!')
  p - a blessed potion of booze
  N - an uncursed potion of full healing
  P - an uncursed potion of gain energy
  G - a cursed potion of hallucination
  q - a blessed potion of healing
  M - an uncursed potion of healing
  R - a cursed potion of healing
  g - a blessed potion of levitation
  L - an uncursed potion of levitation
  I - an uncursed potion of monster detection
  O - a blessed potion of oil
  K - an uncursed potion of oil
  Q - an uncursed potion of see invisible
  t - 2 uncursed potions of sickness
  f - an uncursed potion of sleeping
  J - an uncursed potion of speed
 Rings    ('=')
  e - an uncursed ring of polymorph control (on left hand)
  d - an uncursed ring of slow digestion (on right hand)
 Wands    ('/')
  c - a wand of teleportation (0:5)
 Tools    ('(')
  o - an uncursed wooden harp
  n - a magic marker (0:21)

ARFwashere the Wizard's attributes:

Background:
 You were a Conjurer, a level 3 male elven Wizard.
 You were chaotic, nominally on a mission for Anhur
 who was opposed by Ptah (lawful) and Thoth (neutral).
 You were right-handed.
 You were in the Dungeons of Doom, on level 4.
 You entered the dungeon 1899 turns ago.
 You had 64 experience points, 16 more were needed to attain level 4.

Basics:
 You had 0 out of 26 hit points.
 You had 21 out of 26 energy points (spell power).
 Your armor class was 7.
 Your wallet contained 1914 zorkmids.
 Autopickup was on for '$' plus thrown.

Final Characteristics:
 Your strength was 12 (limit:18).
 Your dexterity was 7 (peak:9, limit:18).
 Your constitution was 16 (limit:16).
 Your intelligence was 20 (limit:20).
 Your wisdom was 9 (limit:20).
 Your charisma was 9 (limit:18).

Final Status:
 You were satiated.
 You were burdened; movement was slightly slowed.
 You were wielding a quarterstaff.
 You had basic skill with quarterstaff.

Final Attributes:
 You were devoutly aligned.
 You were magic-protected.
 You had infravision.
 You had slower digestion.
 You were warded.
 You had polymorph control.
 You are dead.

Miscellaneous:
 You didn't encounter any bones levels.
 Total elapsed playing time was 12 minutes and 58 seconds.

Major events:
 Turn
    1: ARFwashere the chaotic male elven Wizard entered the dungeon
 1565: attained the rank of Conjurer (level 3)
 1899: killed by a giant bat

Spells:
 Name                 Level Category     Fail Retention
 force bolt             1   attack         0%  91%-100%
 confuse monster        1   enchantment    0%  91%-100%
 magic missile          2   attack         0%  91%-100%

Skills:
 Fighting Skills
   bare handed combat [Unskilled]
   riding             [Unskilled]
 Weapon Skills
   dagger             [Unskilled]
   knife              [Unskilled]
   axe                [Unskilled]
   short sword        [Unskilled]
   club               [Unskilled]
   mace               [Unskilled]
   quarterstaff       [Basic]
   polearms           [Unskilled]
   spear              [Unskilled]
   trident            [Unskilled]
   sling              [Unskilled]
   dart               [Unskilled]
   shuriken           [Unskilled]
 Spellcasting Skills
   attack spells      [Basic]
   healing spells     [Unskilled]
   divination spells  [Unskilled]
   enchantment spells [Basic]
   clerical spells    [Unskilled]
   escape spells      [Unskilled]
   matter spells      [Unskilled]

Voluntary challenges:
 Character rerolling was not enabled.
 You were an atheist.
 You never genocided any monsters.
 You never polymorphed an object.
 You never changed form.
 You used no wishes.
Achievements:
 You entered a shop.
 You attained the rank of Conjurer.

 The Dungeons of Doom: levels 1 to 4
    Level 1:
       A fountain, a grave.
    Level 2:
    Level 3:
       A grave.
    Level 4: <- You were here.
       A potion shop.
       Final resting place for
          you, killed by a giant bat.


Vanquished creatures:
  a giant bat
 an acid blob
  a manes
  2 hobgoblins
  2 gnomes
  a gecko
  5 jackals
  a fox
  2 kobolds
  a goblin
  3 sewer rats
  a grid bug
  2 lichens
  a kobold zombie
  2 newts
26 creatures vanquished.

No species were genocided or became extinct.

Game over:
                       ----------
                      /          \
                     /    REST    \
                    /      IN      \
                   /     PEACE      \
                  /                  \
                  |    ARFwashere    |
                  |     1914 Au      |
                  |   killed by a    |
                  |    giant bat     |
                  |                  |
                  |                  |
                  |       2026       |
                 *|     *  *  *      | *
        _________)/\\_//(\/(/\)/\//\/|_)_______

Goodbye ARFwashere the Wizard...

You died in The Dungeons of Doom on dungeon level 4 with 2129 points,
and 1914 pieces of gold, after 1899 moves.
You were level 3 with a maximum of 26 hit points when you died.

